 Dungeon Crawl Stone Soup version 0.26-a0-540-g8a0c9464d7 (webtiles) character file.

Game seed: 15763621502840883744

1583 kobby the Blocker (level 8, -2/69 HPs)
             Began as a Gnoll Fighter on Aug 24, 2020.
             Was a Believer of Okawaru.
             Slain by an orc warrior
             ... wielding a +0 dire flail
              (18 damage)
             ... on level 6 of the Dungeon.
             The game lasted 00:08:56 (3322 turns).

kobby the Blocker (Gnoll Fighter)                   Turns: 3322, Time: 00:08:57

Health: -2/69      AC: 18    Str: 20    XL:     8   Next: 92%
Magic:  15/15      EV:  9    Int: 10    God:    Okawaru [**....]
Gold:   287        SH: 11    Dex: 16    Spells: 17/17 levels left

rFire    . . .     SeeInvis .   a - +0 war axe
rCold    . . .     Faith    .   c - +0 kite shield
rNeg     . . .     Spirit   .   g - +0 chain mail
rPois    .         Reflect  .   n - +2 helmet
rElec    .         Harm     .   (no cloak)
rCorr    .                      (no gloves)
MR       .....                  (no boots)
Stlth    ..........             (no amulet)
HPRegen  0.21/turn              d - +4 ring of protection
MPRegen  0.14/turn              (no ring)

@: no status effects
A: distributed training, fangs 1, strong nose
a: Heroism, Renounce Religion


You were on level 6 of the Dungeon.
You worshipped Okawaru.
Okawaru was pleased with you.
You visited 1 branch of the dungeon, and saw 6 of its levels.

You collected 287 gold pieces.

Inventory:

Hand Weapons
 a - a +0 war axe (weapon)
Armour
 b - a +0 scale mail
 c - a +0 kite shield (worn)
 g - a +0 chain mail (worn)
 n - a +2 helmet (worn)
Jewellery
 d - a +4 ring of protection (left hand)
Scrolls
 h - 4 scrolls of identify
 j - 2 scrolls of remove curse
 k - a scroll of teleportation {unknown}
 m - a scroll of magic mapping {unknown}
Potions
 e - 3 potions of flight
 f - a potion of mutation {unknown}
 l - a potion of lignification {unknown}
 o - a potion of degeneration {unknown}
 p - a potion of haste {unknown}


   Skills:
 + Level 8.4 Fighting
 + Level 5.1 Short Blades
 + Level 5.1 Long Blades
 + Level 6.9 Axes
 + Level 5.1 Maces & Flails
 + Level 5.1 Polearms
 + Level 5.1 Staves
 + Level 5.1 Slings
 + Level 5.1 Bows
 + Level 5.1 Crossbows
 + Level 5.1 Throwing
 + Level 8.4 Armour
 + Level 5.1 Dodging
 + Level 5.1 Stealth
 + Level 8.4 Shields
 + Level 5.1 Unarmed Combat
 + Level 5.1 Spellcasting
 + Level 4.2 Conjurations
 + Level 4.2 Hexes
 + Level 4.2 Summonings
 + Level 4.2 Necromancy
 + Level 4.2 Translocations
 + Level 4.2 Transmutations
 + Level 4.2 Fire Magic
 + Level 4.2 Ice Magic
 + Level 4.2 Air Magic
 + Level 4.2 Earth Magic
 + Level 4.2 Poison Magic
 + Level 5.6 Invocations
 + Level 5.1 Evocations


You had 17 spell levels left.
You didn't know any spells.
Your spell library contained the following spells:

 Spells                   Type           Power        Failure   Level
 Freeze                   Ice            ##..         58%         1
 Summon Small Mammal      Summ           ##..         58%         1
 Call Imp                 Summ           ##......     73%         2
 Call Canine Familiar     Summ           ##......     91%         3
 Frozen Ramparts          Ice            ##....       91%         3
 Ozocubu's Armour         Ice            ##......     91%         3
 Summon Guardian Golem    Hex/Summ       ##......     91%         3
 Hailstorm                Conj/Ice       ##......     100%        4
 Summon Ice Beast         Ice/Summ       ##......     100%        4
 Summon Lightning Spire   Summ/Air       ##......     100%        4


Dungeon Overview and Level Annotations

Branches:
Dungeon (6/15)             Temple (0/1) D:6

Altars:
Ashenzari
Gozag
Kikubaaqudgha
Makhleb
Okawaru
Trog
Vehumet
Zin

Annotations:
D:3 Sigmund


Innate Abilities, Weirdness & Mutations

Your experience applies equally to all skills.
You have very sharp teeth.
Your uncanny sense of smell can sniff out nearby items.


Message History

You hit the orc.
You kill the orc!
Okawaru accepts your kill.
Something hits you but does no damage. x2
The worm bites you but does no damage.
The orc warrior hits you with a +0 dire flail!
You closely miss the orc warrior.
The orc warrior is moderately wounded.
You slash something! Okawaru accepts your kill.
Reactivating autopickup.
You feel a bit more experienced.
You closely miss the worm. You barely miss something.
Something hits you but does no damage.
Deactivating autopickup; reactivate with Ctrl-A.
The orc warrior hits you with a +0 dire flail!!
* * * LOW HITPOINT WARNING * * *
The worm bites you but does no damage.
You feel better. Something hits you but does no damage.
The orc warrior hits you with a +0 dire flail!!
You die...

.....#............####..
.....####.##..........##
.....####.##.>..)......###
#...##...................#
########.###..........#...
.....###.# #..............
##.####..# #.......).#.#...
##..###.## #....w).........
###.##(.####....@o..#...#..
###..............)#.......#
.......########.#.....>....
#####..# #...#.......# .#
#..# ###...#...#.. ... #..#
###........ ##. ...#
#..#.#.#∆ ## #..# !. ∆ .#
#...


You could see an orc warrior and a worm.

Vanquished Creatures
  A steam dragon (D:6)
  A black bear (shapeshifter) (D:6)
  A phantom (D:4)
  A centaur (D:6)
  2 ogres (D:4)
  A crocodile (D:6)
  A bullfrog (D:6)
  A centaur zombie (D:5)
  A hound (D:4)
  3 orc priests (D:4)
  6 orc wizards
  Jessica (D:2)
  An iguana (D:5)
  Natasha (thrice) (D:2)
  3 worker ants
  A howler monkey zombie (D:6)
  A worker ant zombie (D:5)
  3 gnolls (D:4)
  8 adders
  A white imp (D:5)
  An ufetubus (D:5)
  2 oozes (D:4)
  2 dart slugs
  3 leopard geckos
  18 orcs
  A ball python (D:2)
  2 giant cockroaches
  2 goblins
  5 hobgoblins
  7 kobolds
  3 bats (D:2)
  2 frilled lizards
  3 rats
92 creatures vanquished.

Notes
Turn   | Place    | Note
-------+----------+-------------------------------------------
     0 | D:1      | kobby the Gnoll Fighter began the quest for the Orb.
     0 | D:1      | Reached XP level 1. HP: 23/23 MP: 1/1
    66 | D:1      | You fall into a shaft and drop 1 floor!
    66 | D:2      | Noticed Jessica
    67 | D:2      | Noticed Natasha
    68 | D:2      | Killed Jessica
    68 | D:2      | Reached XP level 2. HP: 29/29 MP: 2/2
    68 | D:2      | Reached XP level 3. HP: 35/35 MP: 3/3
    74 | D:2      | Killed Natasha
    74 | D:2      | Reached skill level 1 in Short Blades
    74 | D:2      | Reached skill level 1 in Long Blades
    74 | D:2      | Reached skill level 1 in Maces & Flails
    74 | D:2      | Reached skill level 1 in Polearms
    74 | D:2      | Reached skill level 1 in Staves
    74 | D:2      | Reached skill level 1 in Slings
    74 | D:2      | Reached skill level 1 in Bows
    74 | D:2      | Reached skill level 1 in Crossbows
    74 | D:2      | Reached skill level 1 in Throwing
    74 | D:2      | Reached skill level 1 in Dodging
    74 | D:2      | Reached skill level 1 in Stealth
    74 | D:2      | Reached skill level 1 in Unarmed Combat
    74 | D:2      | Reached skill level 1 in Spellcasting
    74 | D:2      | Reached skill level 1 in Invocations
    74 | D:2      | Reached skill level 1 in Evocations
    74 | D:2      | Reached XP level 4. HP: 34/41 MP: 3/5
   297 | D:2      | Noticed Natasha
   303 | D:2      | Killed Natasha
   303 | D:2      | Reached skill level 1 in Conjurations
   303 | D:2      | Reached skill level 1 in Hexes
   303 | D:2      | Reached skill level 1 in Summonings
   303 | D:2      | Reached skill level 1 in Necromancy
   303 | D:2      | Reached skill level 1 in Translocations
   303 | D:2      | Reached skill level 1 in Transmutations
   303 | D:2      | Reached skill level 1 in Fire Magic
   303 | D:2      | Reached skill level 1 in Ice Magic
   303 | D:2      | Reached skill level 1 in Air Magic
   303 | D:2      | Reached skill level 1 in Earth Magic
   303 | D:2      | Reached skill level 1 in Poison Magic
   405 | D:2      | Reached XP level 5. HP: 47/47 MP: 6/6
   605 | D:2      | Found an ancient bone altar of Kikubaaqudgha.
   610 | D:2      | Found an iron altar of Okawaru.
   613 | D:2      | Found an opulent altar of Gozag.
   624 | D:2      | Became a worshipper of Warmaster Okawaru
   640 | D:2      | Noticed Natasha
   651 | D:2      | Killed Natasha
  1208 | D:3      | Noticed Sigmund
  1227 | D:3      | Reached skill level 5 in Invocations
  1227 | D:3      | Reached XP level 6. HP: 33/56 MP: 7/12
  1476 | D:4      | Found a burning altar of Makhleb.
  1482 | D:4      | Found a shattered altar of Ashenzari.
  1482 | D:4      | Found a glowing silver altar of Zin.
  1535 | D:4      | Noticed a phantom
  1541 | D:4      | Reached XP level 7. HP: 42/62 MP: 13/13
  1856 | D:4      | Reached * piety under Okawaru
  1896 | D:4      | Reached XP level 8. HP: 34/68 MP: 15/15
  2119 | D:4      | Found a bloodstained altar of Trog.
  2546 | D:5      | Entered Level 5 of the Dungeon
  2547 | D:5      | Found a radiant altar of Vehumet.
  3099 | D:6      | Reached ** piety under Okawaru
  3099 | D:6      | Reached skill level 5 in Short Blades
  3099 | D:6      | Reached skill level 5 in Long Blades
  3099 | D:6      | Reached skill level 5 in Maces & Flails
  3099 | D:6      | Reached skill level 5 in Polearms
  3099 | D:6      | Reached skill level 5 in Staves
  3099 | D:6      | Reached skill level 5 in Slings
  3099 | D:6      | Reached skill level 5 in Bows
  3099 | D:6      | Reached skill level 5 in Crossbows
  3099 | D:6      | Reached skill level 5 in Throwing
  3099 | D:6      | Reached skill level 5 in Dodging
  3099 | D:6      | Reached skill level 5 in Stealth
  3099 | D:6      | Reached skill level 5 in Unarmed Combat
  3099 | D:6      | Reached skill level 5 in Spellcasting
  3099 | D:6      | Reached skill level 5 in Evocations
  3295 | D:6      | Found a staircase to the Ecumenical Temple.
  3322 | D:6      | Slain by an orc warrior

Illustrated notes

Levels and vault maps discovered:
D:1:      ldierk_walled_garden_2, layout_rooms, serial_curves, eino_curves_03,
          eino_curves_02, eino_curves_03, grunt_decor_mini_mirrors
D:2:      layout_loops_ring, chequers_temple_overflow_statue_of_worship,
          uniq_jessica, uniq_natasha
D:3:      layout_rooms, marbit_many_paths, uniq_robin, uniq_sigmund
D:4:      layout_cave_pools, nicolae_overflow_quartered_altars
D:5:      layout_rooms, fiery_altar_vehumet
D:6:      layout_rooms, minmay_temple_entry_sparse_star, minmay_three_doors

Skill      XL: |  1  2  3  4  5  6  7  8 |
---------------+-------------------------+-----
Short Blades   | 1 4 5 |  5.1
Long Blades    | 1 4 5 |  5.1
Maces & Flails | 1 4 5 |  5.1
Polearms       | 1 4 5 |  5.1
Staves         | 1 4 5 |  5.1
Slings         | 1 4 5 |  5.1
Bows           | 1 4 5 |  5.1
Crossbows      | 1 4 5 |  5.1
Throwing       | 1 4 5 |  5.1
Dodging        | 1 4 5 |  5.1
Stealth        | 1 4 5 |  5.1
Unarmed Combat | 1 4 5 |  5.1
Spellcasting   | 1 4 5 |  5.1
Invocations    | 1 5 |  5.6
Evocations     | 1 4 5 |  5.1
Conjurations   | 1 3 4 |  4.2
Hexes          | 1 3 4 |  4.2
Summonings     | 1 3 4 |  4.2
Necromancy     | 1 3 4 |  4.2
Translocations | 1 3 4 |  4.2
Transmutations | 1 3 4 |  4.2
Fire Magic     | 1 3 4 |  4.2
Ice Magic      | 1 3 4 |  4.2
Air Magic      | 1 3 4 |  4.2
Earth Magic    | 1 3 4 |  4.2
Poison Magic   | 1 3 4 |  4.2
Fighting       | 8 |  8.4
Axes           | 6 |  6.9
Armour         | 8 |  8.4
Shields        | 8 |  8.4

Action                   |  1- 3 |  4- 6 |  7- 9 || total
-------------------------+-------+-------+-------++-------
Melee: War axe           |    17 |    91 |   153 ||   261
       Bite              |     1 |     5 |    25 ||    31
  Use: Potion            |     1 |     3 |     1 ||     5
       Scroll            |       |     5 |       ||     5
Armor: Scale mail        |     6 |    32 |    20 ||    58
       Skin              |       |    12 |       ||    12
       Chain mail        |       |       |    70 ||    70
Dodge: Dodged            |    11 |    35 |    53 ||    99
Block: Kite shield       |    12 |    68 |    91 ||   171

Table legend: (Time is in decaauts)
 A = Elapsed time spent in this place.
 B = Non-inter-level travel time spent in this place.
 C = Inter-level travel time spent in this place.
 D = Time resting spent in this place.
 E = Time spent auto-exploring this place.
 F = Levels seen in this place.
 G = Mean time per level.
                   A        B        C        D        E       F      G
               +--------+--------+--------+--------+--------+-----+--------+
         Total |   3400 |   3286 |    114 |    444 |   2048 |   6 |  566.7 |
       Dungeon |   3400 |   3286 |    114 |    444 |   2048 |   6 |  566.7 |
               +--------+--------+--------+--------+--------+-----+--------+

Top non-repeatable levels by time:
     D:2: 1282 daAuts
     D:4: 1088 daAuts
     D:6: 419 daAuts
     D:5: 374 daAuts
     D:3: 166 daAuts
     D:1: 69 daAuts
